 Dungeon Crawl Stone Soup version 0.24.0-123-gd5b16e6ec5 (webtiles) character file.

Game seed: 4353348590168942131, levelgen mode: deterministic

118129 FishyPogo the Thaumaturge (level 16, -21/118 HPs)
             Began as a Gnoll Skald on Dec 23, 2019.
             Was the Champion of Hepliaklqana.
             Killed from afar by Nikola (30 damage)
             ... with a chain lightning
             ... on level 1 of the Swamp.
             The game lasted 02:38:54 (22210 turns).

FishyPogo the Thaumaturge (Gnoll Skald)            Turns: 22210, Time: 02:38:54

Health: -21/118    AC: 36    Str: 27    XL:     16   Next: 76%
Magic:  18/40      EV: 21    Int: 18    God:    Hepliaklqana [******]
Gold:   1262       SH:  8    Dex: 20    Spells: 0/38 levels left

rFire    . . .     SeeInvis +   a - +11 short sword of Qarghom {protect, rN+ Str+3}
rCold    + + .     Gourm    .   E - +1 buckler of Shielding {MR- Regen+ SInv}
rNeg     + . .     Faith    .   L - +5 ring mail of Death's Door {+Fly rF- Str+3 Dex+2}
rPois    +         Spirit   .   y - +2 helmet
rElec    .         Reflect  .   P - +2 cloak {MR+}
rCorr    +         Harm     .   h - +0 pair of gloves
MR       +....                  G - +2 pair of boots
Stlth    ++++......             Y - amulet "Icram" {+Rage rF+ rC++ MP+9}
HPRegen  0.69/turn              f - ring "Cautz" {rPois Int+3 Dex+3 Slay+3}
MPRegen  0.27/turn              s - ring of resist corrosion

@: shrouded, infused, protection aura
A: distributed training, reduced essence, fangs 1, hooves 1, icy blue scales 1,
iridescent scales 1, rugged brown scales 1, strong nose
a: Recall Ancestor, Ancestor Identity, Transference, Idealise, Renounce
Religion, Evoke Berserk Rage, Evoke Flight


You were on level 1 of the Swamp.
You worshipped Hepliaklqana.
Hepliaklqana was exalted by your worship.
You were hungry.

You visited 7 branches of the dungeon, and saw 27 of its levels.
You visited 1 bazaar.

You collected 2967 gold pieces.
You spent 1705 gold pieces at shops.

Inventory:

Hand Weapons
 a - the +11 short sword of Qarghom (weapon) {protect, rN+ Str+3}
   (You found it on level 4 of the Lair of Beasts)

   It grants its wielder temporary protection when it strikes (+7 to AC).
   It affects your strength (+3).
   It protects you from negative energy.
 b - the +10 hand crossbow of Udoadaig {penet, rC- MP+9 Stlth+}
   (You found it on level 8 of the Dungeon)

   Ammo fired by it will pass through the targets it hits, potentially hitting
   all targets in its path until it reaches maximum range.
   It makes you vulnerable to cold.
   It affects your magic capacity (+9).
   It makes you more stealthy.
 J - a +3 scimitar of holy wrath
Missiles
 g - 78 boomerangs (quivered)
 l - 2 silver javelins
 u - 16 curare-tipped darts
 w - 5 silver boomerangs
 A - 111 poisoned darts
 K - a throwing net
 S - 139 bolts
Armour
 h - a +0 pair of gloves (worn)
 y - a +2 helmet (worn)
 E - the +1 buckler of Shielding (worn) {MR- Regen+ SInv}
   (You found it on level 5 of the Dungeon)

   It affects your resistance to hostile enchantments.
   It lets you see invisible.
   It increases your rate of regeneration.
 G - a +2 pair of boots (worn)
 L - the +5 ring mail of Death's Door (worn) {+Fly rF- Str+3 Dex+2}
   (You found it on level 2 of the Orcish Mines)

   It affects your strength (+3).
   It affects your dexterity (+2).
   It makes you vulnerable to fire.
   It lets you fly.
 P - a +2 cloak of magic resistance (worn)
 Q - a scarf of resistance
Jewellery
 f - the ring "Cautz" (left hand) {rPois Int+3 Dex+3 Slay+3}
   (You found it on level 2 of the Lair of Beasts)

   [ring of intelligence]

   It affects your intelligence (+3).
   It affects your dexterity (+3).
   It affects your accuracy and damage with ranged weapons and melee attacks
   (+3).
   It protects you from poison.
 r - a +4 ring of strength
 s - a ring of resist corrosion (right hand)
 t - an uncursed ring of protection from fire
 z - an uncursed ring of protection from cold
 Y - the amulet "Icram" (around neck) {+Rage rF+ rC++ MP+9}
   (You found it on level 6 of the Lair of Beasts)

   [amulet of rage]

   It protects you from fire.
   It greatly protects you from cold.
   It affects your magic capacity (+9).
   It lets you go berserk.
Wands
 m - a wand of random effects (58)
 v - a wand of iceblast (13)
 H - a wand of acid (15)
 I - a wand of digging (3)
 M - a wand of disintegration (13)
 O - a wand of enslavement (7)
 U - a wand of flame (18)
 X - a wand of paralysis (21)
Scrolls
 c - 11 scrolls of identify
 i - 8 scrolls of remove curse
 n - a scroll of fear
 o - 3 scrolls of enchant armour
 q - 8 scrolls of teleportation
 F - 5 scrolls of blinking
 N - a scroll of magic mapping
Potions
 e - 3 potions of resistance
 j - 3 potions of agility
 k - 2 potions of haste
 x - 3 potions of flight
 B - a potion of might
 C - 5 potions of heal wounds
 D - 6 potions of curing
 T - 2 potions of magic
 V - 5 potions of lignification
 Z - 2 potions of brilliance
Comestibles
 d - 58 rations


   Skills:
 + Level 11.7 Fighting
 + Level 11.7 Short Blades
 + Level 10.8 Long Blades
 + Level 10.8 Axes
 + Level 10.8 Maces & Flails
 + Level 10.8 Polearms
 + Level 10.8 Staves
 + Level 10.8 Slings
 + Level 10.8 Bows
 + Level 10.8 Crossbows
 + Level 10.8 Throwing
 + Level 11.1 Armour
 + Level 11.7 Dodging
 + Level 10.8 Stealth
 + Level 10.8 Shields
 + Level 10.8 Unarmed Combat
 + Level 11.8 Spellcasting
 + Level 9.2 Conjurations
 + Level 9.2 Hexes
 + Level 10.6 Charms
 + Level 9.2 Summonings
 + Level 9.2 Necromancy
 + Level 9.2 Translocations
 + Level 9.2 Transmutations
 + Level 9.2 Fire Magic
 + Level 9.2 Ice Magic
 + Level 9.2 Air Magic
 + Level 9.2 Earth Magic
 + Level 9.2 Poison Magic
 + Level 11.7 Invocations
 + Level 10.8 Evocations


You couldn't memorise any spells.
You knew the following spells:

 Your Spells              Type           Power        Failure   Level  Hunger
a - Sting                 Conj/Pois      ####         1%          1    None
b - Poisonous Vapours     Pois/Air       #####.       1%          2    None
c - Mephitic Cloud        Conj/Pois/Air  #####...     1%          3    None
f - Summon Forest         Summ/Tloc      #####.....   5%          5    ####...
h - Regeneration          Chrm/Necr      #####.....   1%          3    None
j - Conjure Flame         Conj/Fire      #####...     1%          3    None
k - Tukima's Dance        Hex            #####...     1%          3    None
l - Shadow Creatures      Summ           N/A          30%         6    ######.
n - Spectral Weapon       Hex/Chrm       #####...     1%          3    None
p - Shroud of Golubria    Chrm/Tloc      #####.       1%          2    None
r - Olgreb's Toxic Radia  Pois           #####...     1%          4    ##.....
u - Song of Slaying       Chrm           #####...     1%          2    None
y - Infusion              Chrm           ####         1%          1    None

Your spell library contained the following spells:

 Spells                   Type           Power        Failure   Level  Hunger
 Animate Skeleton         Necr           N/A          1%          1    None
 Apportation              Tloc           #####.       1%          1    None
 Confusing Touch          Hex            #####.       1%          1    None
 Freeze                   Ice            ####         1%          1    None
 Magic Dart               Conj           ####         1%          1    None
 Summon Butterflies       Summ           #####...     1%          1    None
 Summon Small Mammal      Summ           ####         1%          1    None
 Blink                    Tloc           N/A          1%          2    None
 Call Imp                 Summ           #####...     1%          2    None
 Ensorcelled Hibernation  Hex/Ice        #####.       1%          2    None
 Slow                     Hex            #####...     1%          2    None
 Dazzling Spray           Conj/Hex       #####.       1%          3    None
 Lesser Beckoning         Tloc           #####.....   1%          3    None
 Recall                   Summ/Tloc      N/A          1%          3    None
 Alistair's Intoxication  Tmut/Pois      #####...     5%          5    ####...
 Aura of Abjuration       Summ           #####.....   5%          5    ####...
 Borgnjor's Vile Clutch   Necr/Erth      #####.....   5%          5    ####...
 Silence                  Hex/Air        #####.....   5%          5    ####...
 Summon Demon             Summ           #####.....   5%          5    ####...
 Summon Mana Viper        Hex/Summ       #####...     5%          5    ####...
 Venom Bolt               Conj/Pois      #####.....   5%          5    ####...
 Darkness                 Hex            #####.....   30%         6    ######.
 Invisibility             Hex            #####...     30%         6    ######.


Dungeon Overview and Level Annotations

Branches:
Dungeon (15/15)            Temple (0/1) D:4            Lair (6/6) D:11
  Swamp (1/4) Lair:4       Spider (1/4) Lair:4        Slime (1/5) Lair:6
    Orc (2/2) D:9             Elf (0/3) Orc:2        Vaults (0/5) D:14
 Depths (1/5) D:15

Altars:
Ashenzari
Dithmenos
Fedhas
Hepliaklqana
Makhleb
Qazlal
Ru
Sif Muna
Uskayaw
Xom
Beogh
Jiyva

Shops:
Orc:2 (?*?

Portals:
Trove: D:14 (give +6 demon whip)

Annotations:
D:6 2 transporters, FishyPogo's ghost, novice DsGl
D:11 3 runed translucent doors, Xaxieg's ghost, journeyman GnSk
Lair:2 3 exclusions
Swamp:1 Nikola
Depths:1 Asterion


Innate Abilities, Weirdness & Mutations

Your experience applies equally to all skills.
You have very sharp teeth.
Your uncanny sense of smell can sniff out nearby items.
Your life essence is reduced to manifest your ancestor. (-10% HP)
You have large cloven feet.
You are partially covered in icy blue scales. (AC +2)
You are partially covered in iridescent scales. (AC +2)
You are partially covered in rugged brown scales. (AC +1, +3% HP)


Message History

Nikola is lightly wounded.
Your spectral weapon barely misses Nikola.
Nikola gestures wildly while chanting.
You hear a mighty clap of thunder!
The lightning arc hits you!!
The lightning arc hits your spectral weapon!
Your spectral weapon resists.
Your spectral weapon shares its damage with you!
The lightning arc hits you!!
The lightning arc hits Nikola.
The lightning arc hits you!!
You hear a deafening roar!
Nikola casts a spell.
You hear a mighty clap of thunder!
The lightning arc hits you!!!
* * * LOW HITPOINT WARNING * * *
The lightning arc hits your spectral weapon.
Your spectral weapon resists.
Your spectral weapon shares its damage with you!
The lightning arc hits you!!
You die...

≈≈≈.≈...≈≈.
♣≈†≈..≈...♣
.≈.§≈≈≈≈.♣
..≈..≈≈.♣
...k.≈.♣
......♣
♣.≈...♣
♣@(.♣ ♣.@♣♣
♣.♣♣ ♣♣†♣♣
♣<≈.♣ ♣♣≈♣♣
♣♣♣


You could see Nikola, a swamp drake and a friendly spectral +11 short sword of
Qarghom {protect, rN+ Str+3}.

Vanquished Creatures
  Rupert (D:13)
  Jorgrun (Orc:1)
  Gastronok (Lair:1)
  An azure jelly (Lair:6)
  An orc warlord (Orc:2)
  Louise (D:14)
  A stone giant (D:14)
  Nessos (D:14)
  Snorg (Lair:6)
  An ettin (Orc:2)
  Josephine (D:13)
  A fire dragon (Lair:6)
  A yaktaur captain (D:15)
  A rakshasa (D:15)
  An ice dragon (Lair:3)
  2 catoblepae
  5 hydras
  2 centaur warriors (D:15)
  3 death knights
  8 two-headed ogres
  An ogre mage (D:14)
  5 orc high priests
  20 death yaks
  A swamp dragon (Lair:6)
  A lindwurm (Lair:6)
  Pikel (D:4)
  4 orc sorcerers (Orc:2)
  2 wolf spiders (Lair:6)
  A wolf spider zombie (D:14)
  4 orc knights
  2 cyclopes (D:13)
  7 slime creatures
  4 ugly things
  4 manticores
  Maurice (D:8)
  2 torpor snails
  4 elephants (Lair:6)
  9 spiny frogs
  3 centaur skeletons
  4 black mambas
  An efreet (D:15)
  4 freezing wraiths
  A yaktaur (D:15)
  2 rime drakes (Lair:6)
  A tengu conjurer (D:15)
  4 komodo dragons
  9 trolls
  A wolf spider simulacrum (D:15)
  3 meliai (Lair:5)
  A queen bee (Lair:5)
  3 tyrant leeches (Swamp:1)
  5 polar bears
  23 blink frogs
  A hornet (Lair:4)
  2 dream sheep (Lair:6)
  A meliai zombie (D:13)
  8 hippogriffs
  5 wyverns
  A shadow (D:14)
  47 yaks
  3 basilisks
  Eustachio (D:4)
  2 hogs (D:8)
  2 vampires
  2 steam dragons (Lair:6)
  15 humans (D:14)
  6 wraiths
  9 vampire mosquitoes
  2 hungry ghosts
  10 wargs
  A soldier ant (shapeshifter) (D:13)
  An acid dragon (D:15)
  4 insubstantial wisps (Swamp:1)
  10 water moccasins
  6 porcupines
  2 swamp drakes (Lair:6)
  4 sky beasts
  4 slaves
  2 eyes of draining
  8 black bears
  12 ice beasts
  A wolf (Lair:6)
  20 ogres
  47 orc warriors
  A hornet zombie (D:14)
  9 crocodiles
  3 centaurs
  A big kobold (D:8)
  3 gnoll sergeants (D:10)
  16 bullfrogs
  A wyvern zombie (D:15)
  A water moccasin zombie (D:7)
  A scorpion (D:9)
  28 killer bees
  3 wights (D:6)
  7 howler monkeys
  6 crimson imps
  2 centaur zombies (D:11)
  2 bullfrog skeletons
  A jelly (D:9)
  26 orc priests
  4 hounds
  2 bullfrog zombies (D:7)
  A gnoll shaman (D:10)
  Crazy Yiuf (D:2)
  21 orc wizards
  Jessica (D:3)
  Natasha (D:3)
  An iguana (D:5)
  8 worker ants
  2 hexers
  4 hound skeletons
  2 worker ant zombies
  Robin (D:3)
  8 adders
  3 gnolls
  2 shadow imps
  An ooze (D:6)
  2 adder zombies
  5 worms
  A dart slug (D:1)
  6 leopard geckos
  101 orcs
  2 giant cockroaches
  16 goblins
  11 hobgoblins
  9 jackals
  4 kobolds
  3 quokkas
  4 bats
  4 frilled lizards
  A jackal skeleton (D:9)
  A leopard gecko zombie (D:5)
  9 rats
  A butterfly (Lair:2)
766 creatures vanquished.

Vanquished Creatures (collateral kills)
  A very ugly thing (Lair:4)
  A stone giant (Orc:2)
  A hydra (Lair:6)
  Sonja (Lair:3)
  Nergalle (D:12)
  An ice statue (Lair:3)
  An elephant (Lair:6)
  A spiny frog (Lair:3)
  A komodo dragon (Lair:3)
  A slime creature (D:13)
  2 hippogriffs
  4 yaks
  A wraith (D:10)
  2 hogs (D:8)
  2 humans
  A basilisk (Lair:6)
  A hungry ghost (D:8)
  A steam dragon (Lair:6)
  An acid dragon (Lair:6)
  A water moccasin (D:9)
  2 sky beasts
  A black bear (Lair:1)
  2 orc warriors (Orc:2)
  2 ogres
  A crocodile (Lair:6)
  2 centaurs
  2 bullfrogs
  2 wights (D:6)
  A howler monkey (D:13)
  A crimson imp (D:11)
  A centaur zombie (D:8)
  2 centaur skeletons (D:4)
  2 orc priests
  4 orc wizards
  An iguana (Lair:6)
  A worker ant (Lair:4)
  A hound skeleton (D:5)
  A worker ant zombie (D:8)
  2 gnolls (D:2)
  An adder (D:2)
  A white imp (Lair:3)
  2 worms (D:2)
  10 orcs
  2 bats
  A goblin (D:3)
  A kobold (D:3)
  A fungus (Lair:5)
76 creatures vanquished.

Vanquished Creatures (others)
  A tyrant leech (Swamp:1)
  An orc warrior (D:8)
  2 centaurs (D:8)
  A howler monkey (D:8)
  25 hexers
  An adder (D:8)
  An ancestor (D:4)
  2 orcs (D:8)
  3 fungi
  5 plants
  44 spectral weapons
86 creatures vanquished.

Grand Total: 928 creatures vanquished

Notes
Turn   | Place    | Note
-------+----------+-------------------------------------------
     0 | D:1      | FishyPogo the Gnoll Skald began the quest for the Orb.
     0 | D:1      | Reached XP level 1. HP: 20/20 MP: 6/6
   234 | D:1      | Reached XP level 2. HP: 25/26 MP: 7/7
   238 | D:1      | Learned a level 2 spell: Song of Slaying
   241 | D:1      | Learned a level 2 spell: Shroud of Golubria
   825 | D:2      | Reached skill level 5 in Spellcasting
   825 | D:2      | Reached XP level 3. HP: 18/31 MP: 7/9
   849 | D:2      | Found a hazy altar of Hepliaklqana.
   855 | D:2      | Became a worshipper of Hepliaklqana the Forgotten
  1015 | D:2      | Reached skill level 1 in Invocations
  1023 | D:2      | Learned a level 3 spell: Regeneration
  1027 | D:2      | Learned a level 3 spell: Spectral Weapon
  1072 | D:2      | Reached skill level 1 in Long Blades
  1072 | D:2      | Reached skill level 1 in Axes
  1072 | D:2      | Reached skill level 1 in Maces & Flails
  1072 | D:2      | Reached skill level 1 in Polearms
  1072 | D:2      | Reached skill level 1 in Staves
  1072 | D:2      | Reached skill level 1 in Slings
  1072 | D:2      | Reached skill level 1 in Bows
  1072 | D:2      | Reached skill level 1 in Crossbows
  1072 | D:2      | Reached skill level 1 in Throwing
  1072 | D:2      | Reached skill level 1 in Stealth
  1072 | D:2      | Reached skill level 1 in Shields
  1072 | D:2      | Reached skill level 1 in Unarmed Combat
  1072 | D:2      | Reached skill level 1 in Evocations
  1072 | D:2      | Reached XP level 4. HP: 32/34 MP: 3/11
  1256 | D:2      | Reached skill level 1 in Conjurations
  1256 | D:2      | Reached skill level 1 in Hexes
  1256 | D:2      | Reached skill level 1 in Summonings
  1256 | D:2      | Reached skill level 1 in Necromancy
  1256 | D:2      | Reached skill level 1 in Translocations
  1256 | D:2      | Reached skill level 1 in Transmutations
  1256 | D:2      | Reached skill level 1 in Fire Magic
  1256 | D:2      | Reached skill level 1 in Ice Magic
  1256 | D:2      | Reached skill level 1 in Air Magic
  1256 | D:2      | Reached skill level 1 in Earth Magic
  1256 | D:2      | Reached skill level 1 in Poison Magic
  1260 | D:2      | Reached * piety under Hepliaklqana
  1274 | D:2      | Found a runed translucent door.
  1275 | D:2      | Noticed Crazy Yiuf
  1287 | D:2      | Killed Crazy Yiuf
  1287 | D:2      | Reached XP level 5. HP: 31/38 MP: 4/12
  1496 | D:3      | You fall into a shaft and drop 1 floor!
  1519 | D:4      | Found a staircase to the Ecumenical Temple.
  1533 | D:4      | Noticed Pikel
  1534 | D:4      | Noticed a slave
  1534 | D:4      | Noticed a slave
  1540 | D:4      | Noticed a slave
  1542 | D:4      | Noticed a slave
  1548 | D:4      | Found a burning altar of Makhleb.
  1590 | D:4      | Killed a slave
  1735 | D:3      | Noticed Robin
  1761 | D:3      | Killed Robin
  1875 | D:3      | Found a shattered altar of Ashenzari.
  1912 | D:3      | Reached ** piety under Hepliaklqana
  1913 | D:3      | Remembered your ancestor Ankhesenamen as a hexer
  1930 | D:3      | Noticed Natasha
  1930 | D:3      | Noticed Jessica
  1934 | D:3      | Killed Jessica
  1934 | D:3      | Reached XP level 6. HP: 45/45 MP: 9/13
  1938 | D:3      | Killed Natasha
  2405 | D:4      | Noticed a sky beast
  2416 | D:4      | Killed a sky beast
  2416 | D:4      | Reached skill level 5 in Fighting
  2416 | D:4      | Reached skill level 5 in Short Blades
  2416 | D:4      | Reached skill level 5 in Dodging
  2440 | D:4      | Noticed Eustachio
  2445 | D:4      | Reached XP level 7. HP: 45/50 MP: 3/15
  2462 | D:4      | Killed Eustachio
  2669 | D:4      | Killed Pikel
  2669 | D:4      | Reached XP level 8. HP: 56/56 MP: 1/16
  3158 | D:5      | Entered Level 5 of the Dungeon
  3307 | D:5      | Found a hazy altar of Hepliaklqana.
  3391 | D:5      | Got a jewelled buckler
  3393 | D:5      | Reached *** piety under Hepliaklqana
  3693 | D:6      | Reached XP level 9. HP: 61/62 MP: 18/18
  3874 | D:6      | Identified the +1 spear of Slow Death {venom, Fragile +Fly
                  | rElec rPois}
  3874 | D:6      | Identified the cursed +1 scale mail of the Forgotten Moons
                  | {rElec rF+ rC+}
  3874 | D:6      | Identified the +1 buckler of Koddow {rC+ rN+}
  3898 | D:6      | Noticed FishyPogo's ghost (novice DsGl)
  3958 | D:6      | Found a transporter.
  4001 | D:6      | Found a transporter.
  4081 | D:6      | Identified the cursed ring "Ymogin" {+Blink Dex-3}
  4285 | D:7      | Found a stormy altar of Qazlal.
  4292 | D:7      | Reached skill level 5 in Armour
  4464 | D:7      | Found a hide-covered altar of Uskayaw.
  4464 | D:7      | Noticed a +0 hand axe
  4465 | D:7      | Noticed a +0 dagger
  4478 | D:7      | Found a shadowy altar of Dithmenos.
  4642 | D:7      | Identified the +1 buckler of Shielding {MR- Regen+ SInv}
                  | (You found it on level 5 of the Dungeon)
  4667 | D:7      | Noticed a troll
  4680 | D:7      | Killed a troll
  4680 | D:7      | Reached skill level 5 in Invocations
  4993 | D:8      | Found a burning altar of Makhleb.
  5019 | D:8      | Reached XP level 10. HP: 68/69 MP: 20/20
  5058 | D:8      | Learned a level 1 spell: Sting
  5061 | D:8      | Learned a level 2 spell: Poisonous Vapours
  5065 | D:8      | Learned a level 3 spell: Mephitic Cloud
  5070 | D:8      | Learned a level 4 spell: Olgreb's Toxic Radiance
  5081 | D:8      | Found a shimmering altar of Xom.
  5145 | D:8      | Got a faintly humming ring mail
  5190 | D:8      | Reached **** piety under Hepliaklqana
  5260 | D:8      | Noticed Maurice
  5273 | D:8      | Killed Maurice
  5298 | D:8      | Identified the +2 ring mail of the Castellan {rF- Regen+
                  | Int-5 Dex+6} (You found it on level 8 of the Dungeon)
  5355 | D:8      | Reached skill level 5 in Long Blades
  5355 | D:8      | Reached skill level 5 in Axes
  5355 | D:8      | Reached skill level 5 in Maces & Flails
  5355 | D:8      | Reached skill level 5 in Polearms
  5355 | D:8      | Reached skill level 5 in Staves
  5355 | D:8      | Reached skill level 5 in Slings
  5355 | D:8      | Reached skill level 5 in Bows
  5355 | D:8      | Reached skill level 5 in Crossbows
  5355 | D:8      | Reached skill level 5 in Throwing
  5355 | D:8      | Reached skill level 5 in Stealth
  5355 | D:8      | Reached skill level 5 in Shields
  5355 | D:8      | Reached skill level 5 in Unarmed Combat
  5355 | D:8      | Reached skill level 5 in Evocations
  5542 | D:8      | Got a shimmering hand crossbow
  5543 | D:8      | Identified the +10 hand crossbow of Udoadaig {penet, rC-
                  | MP+9 Stlth+} (You found it on level 8 of the Dungeon)
  6131 | D:9      | Noticed a two-headed ogre
  6178 | D:9      | Killed a two-headed ogre
  6178 | D:9      | Reached XP level 11. HP: 68/75 MP: 11/22
  6272 | D:9      | Learned a level 3 spell: Conjure Flame
  6560 | D:9      | Found a staircase to the Orcish Mines.
  6684 | D:10     | Entered Level 10 of the Dungeon
  6748 | D:10     | Reached ***** piety under Hepliaklqana
  6755 | D:10     | Reached skill level 5 in Conjurations
  6755 | D:10     | Reached skill level 5 in Hexes
  6755 | D:10     | Reached skill level 5 in Summonings
  6755 | D:10     | Reached skill level 5 in Necromancy
  6755 | D:10     | Reached skill level 5 in Translocations
  6755 | D:10     | Reached skill level 5 in Transmutations
  6755 | D:10     | Reached skill level 5 in Fire Magic
  6755 | D:10     | Reached skill level 5 in Ice Magic
  6755 | D:10     | Reached skill level 5 in Air Magic
  6755 | D:10     | Reached skill level 5 in Earth Magic
  6755 | D:10     | Reached skill level 5 in Poison Magic
  7430 | D:11     | Noticed a death knight
  7773 | D:11     | Noticed a death yak
  7835 | D:11     | Noticed a red ugly thing
  7850 | D:11     | Killed a red ugly thing
  7867 | D:11     | Noticed a death yak
  7867 | D:11     | Noticed a death yak
  7903 | D:11     | Killed a death yak
  7909 | D:11     | Killed a death yak
  7909 | D:11     | Reached XP level 12. HP: 70/83 MP: 11/24
  7971 | D:11     | Noticed a death yak
  7974 | D:11     | Noticed a death yak
  7976 | D:11     | Noticed a death yak
  8003 | D:11     | Killed a death yak
  8013 | D:11     | Killed a death yak
  8026 | D:11     | Killed a death yak
  8038 | D:11     | Killed a death yak
  8046 | D:11     | Found a staircase to the Lair.
  8246 | D:11     | Found a shimmering blue altar of Sif Muna.
  8350 | D:11     | Killed a death knight
  8455 | D:11     | Found a runed translucent gate.
  8458 | D:11     | Found a runed translucent gate.
  8459 | D:11     | Found a runed translucent gate.
  8461 | D:11     | Noticed Xaxieg's ghost (journeyman GnSk)
  8920 | D:12     | Got an ancient whip
  8921 | D:12     | Identified the cursed +1 whip of Destiny {slash, rF+} (You
                  | found it on level 12 of the Dungeon)
  9075 | D:12     | Noticed Nergalle
  9112 | D:12     | Killed Nergalle
  9707 | D:13     | Noticed a two-headed ogre
  9777 | D:13     | Got a sapphire spear
  9913 | D:12     | Identified the +4 spear of Celanouty {flame, rPois Str+3}
                  | (You found it on level 13 of the Dungeon)
  9970 | Lair:1   | Entered Level 1 of the Lair of Beasts
 10027 | Lair:1   | Noticed Gastronok
 10056 | Lair:1   | Killed Gastronok
 10056 | Lair:1   | Reached XP level 13. HP: 87/90 MP: 5/26
 10325 | Lair:1   | Reached ****** piety under Hepliaklqana
 11124 | Lair:2   | Got a translucent tin ring
 11134 | Lair:2   | Identified the ring "Cautz" {rPois Int+3 Dex+3 Slay+3} (You
                  | found it on level 2 of the Lair of Beasts)
 11241 | Lair:2   | Learned a level 3 spell: Tukima's Dance
 11999 | Lair:3   | Noticed an ice dragon
 12044 | Lair:3   | Killed an ice dragon
 12126 | Lair:3   | Noticed Sonja
 12135 | Lair:3   | Killed Sonja
 12138 | Lair:3   | Got a brightly glowing flail
 12139 | Lair:3   | Identified the +2 flail of Midnight {holy, Int+4} (You
                  | found it on level 3 of the Lair of Beasts)
 12597 | Lair:4   | Found a hole to the Spider Nest.
 13092 | Lair:4   | Reached skill level 10 in Spellcasting
 13134 | Lair:4   | Got a jewelled short sword
 13151 | Lair:4   | Found a staircase to the Swamp.
 13153 | Lair:4   | Identified the +11 short sword of Qarghom {protect, rN+
                  | Str+3} (You found it on level 4 of the Lair of Beasts)
 13481 | Lair:4   | Reached XP level 14. HP: 98/98 MP: 25/28
 13779 | Spider:1 | Entered Level 1 of the Spider Nest
 14108 | Lair:5   | Got a bound ivory ring
 14110 | Lair:5   | Identified the ring of Hiezas {EV+3 Str-4 Int+5 Dex+2} (You
                  | found it on level 5 of the Lair of Beasts)
 14200 | Lair:5   | Reached skill level 10 in Fighting
 14200 | Lair:5   | Reached skill level 10 in Short Blades
 14200 | Lair:5   | Reached skill level 10 in Dodging
 14579 | Lair:6   | Entered Level 6 of the Lair of Beasts
 14586 | Lair:6   | Got a bound graven amulet
 14586 | Lair:6   | Identified the amulet "Icram" {+Rage rF+ rC++ MP+9} (You
                  | found it on level 6 of the Lair of Beasts)
 14869 | Lair:6   | Reached skill level 10 in Invocations
 15240 | Lair:6   | Gained mutation: You are partially covered in icy blue
                  | scales. (AC +2) [potion of mutation]
 15240 | Lair:6   | Gained mutation: You are partially covered in iridescent
                  | scales. (AC +2) [potion of mutation]
 15240 | Lair:6   | Gained mutation: You are partially covered in rugged brown
                  | scales. (AC +1, +3% HP) [potion of mutation]
 15240 | Lair:6   | Gained mutation: You have large cloven feet. [potion of
                  | mutation]
 15409 | Lair:6   | Noticed Snorg
 15422 | Lair:6   | Killed Snorg
 15551 | Lair:6   | Reached XP level 15. HP: 108/108 MP: 29/29
 15623 | Lair:6   | Reached skill level 10 in Armour
 15709 | Lair:6   | Identified Sif Muna's Disquisition on Icy Arcane Weapons
 15833 | Lair:6   | Found a staircase to the Slime Pits.
 15840 | Lair:6   | Learned a level 5 spell: Summon Forest
 15840 | Lair:6   | Found a viscous altar of Jiyva.
 15990 | Slime:1  | Entered Level 1 of the Pits of Slime
 15990 | Slime:1  | Noticed an azure jelly
 16005 | Lair:6   | Killed an azure jelly
 16393 | Orc:1    | Entered Level 1 of the Orcish Mines
 16627 | Orc:2    | Entered Level 2 of the Orcish Mines
 17169 | Orc:1    | Noticed Jorgrun
 17261 | Orc:2    | Reached skill level 10 in Charms
 17335 | Orc:2    | Noticed an orc warlord
 17367 | Orc:2    | Killed an orc warlord
 17410 | Orc:2    | Reached skill level 10 in Long Blades
 17410 | Orc:2    | Reached skill level 10 in Axes
 17410 | Orc:2    | Reached skill level 10 in Maces & Flails
 17410 | Orc:2    | Reached skill level 10 in Polearms
 17410 | Orc:2    | Reached skill level 10 in Staves
 17410 | Orc:2    | Reached skill level 10 in Slings
 17410 | Orc:2    | Reached skill level 10 in Bows
 17410 | Orc:2    | Reached skill level 10 in Crossbows
 17410 | Orc:2    | Reached skill level 10 in Throwing
 17410 | Orc:2    | Reached skill level 10 in Stealth
 17410 | Orc:2    | Reached skill level 10 in Shields
 17410 | Orc:2    | Reached skill level 10 in Unarmed Combat
 17410 | Orc:2    | Reached skill level 10 in Evocations
 17424 | Orc:2    | Found Nocvarepn's Magic Scroll Emporium.
 17532 | Orc:2    | Found a roughly hewn altar of Beogh.
 17614 | Orc:2    | Found Tokepruz's General Store.
 17659 | Orc:2    | Bought a scroll of brand weapon for 280 gold pieces
 17816 | Orc:2    | Found a staircase to the Elven Halls.
 17985 | Orc:2    | Got a dazzling ring mail
 17995 | Orc:2    | Identified the +5 ring mail of Death's Door {+Fly rF- Str+3
                  | Dex+2} (You found it on level 2 of the Orcish Mines)
 18142 | Orc:2    | Found Ophiusea's Antique Weapon Emporium.
 18175 | Orc:2    | Found a roughly hewn altar of Beogh.
 18202 | Orc:2    | Paralysed by an orc sorcerer for 4 turns
 18292 | Orc:2    | Found Gyrin's Magic Scroll Shoppe.
 18642 | Orc:1    | Killed Jorgrun
 19176 | D:13     | Noticed Rupert
 19186 | D:13     | Paralysed by Rupert for 4 turns
 19197 | D:13     | Killed Rupert
 19197 | D:13     | Reached XP level 16. HP: 79/116 MP: 21/31
 19313 | D:13     | Noticed Josephine
 19335 | D:13     | Killed Josephine
 19856 | D:14     | Noticed Louise
 19870 | D:14     | Killed Louise
 19925 | D:14     | Learned a level 6 spell: Shadow Creatures
 19967 | D:14     | Found a gate to the Vaults.
 20053 | D:14     | Found a sacrificial altar of Ru.
 20533 | D:14     | Found a portal to a secret trove of treasure.
 20863 | D:14     | Noticed Nessos
 20885 | D:14     | Killed Nessos
 20960 | D:15     | Entered Level 15 of the Dungeon
 20972 | D:15     | Found a flickering gateway to a bazaar.
 21001 | Bazaar   | Entered a bazaar
 21001 | Bazaar   | Found Keh Ikap's Gadget Boutique.
 21013 | Bazaar   | Found Jush's Antique Weapon Shoppe.
 21028 | Bazaar   | Found Fejay's Antique Armour Boutique.
 21039 | Bazaar   | Found Wiamea's Magic Scroll Emporium.
 21047 | Bazaar   | Found Ytup's General Store.
 21055 | Bazaar   | Bought a scroll of teleportation for 39 gold pieces
 21055 | Bazaar   | Bought a potion of heal wounds for 65 gold pieces
 21063 | Bazaar   | Bought a scroll of identify for 26 gold pieces
 21063 | Bazaar   | Bought a scroll of identify for 26 gold pieces
 21063 | Bazaar   | Bought a scroll of remove curse for 39 gold pieces
 21063 | Bazaar   | Bought a scroll of identify for 26 gold pieces
 21074 | Bazaar   | Bought a runed scarf for 104 gold pieces
 21074 | Bazaar   | Bought smoking fire dragon scales for 845 gold pieces
 21095 | Bazaar   | Identified the cursed +1 fire dragon scales "Oladeor" {rF++
                  | rC- rN+ Slay-5 Stlth+} (You bought it in a shop in a
                  | bazaar)
 21151 | Bazaar   | Bought a wand of disintegration (13) for 255 gold pieces
 21211 | D:15     | Found a blossoming altar of Fedhas.
 21859 | D:15     | Found a staircase to the Depths.
 21869 | Depths:1 | Entered Level 1 of the Depths
 21869 | Depths:1 | Noticed Asterion
 22114 | Swamp:1  | Entered Level 1 of the Swamp
 22116 | Swamp:1  | Noticed Nikola
 22210 | Swamp:1  | Killed from afar by Nikola

Levels and vault maps discovered:
D:1:      co_arrival_random_square_maze, layout_loops_ring
D:2:      layout_loops_ring, lemuel_crystal_altar, uniq_crazy_yiuf_cottage
D:3:      layout_rooms, nicolae_ashenzari_panopticon, grunt_ministairs_5,
          uniq_robin, uniq_natasha, uniq_jessica
D:4:      layout_basic, bloody_makhleb, minmay_temple_entry_glassed_door,
          minivault_19, grunt_ministairs_11, uniq_eustachio, uniq_pikel
D:5:      layout_cave_pools, basic_altar, first_ration
D:6:      layout_loops_ring, gammafunk_ghost_gnarly_gnolls
D:7:      layout_basic, dancing_weapons_uskayaw,
          nicolae_qazlal_general_emergency, nicolae_dithmenos_shadow_blocks
D:8:      layout_loops_ring, xom_confusion_cloud, basic_altar, grunt_livestock,
          uniq_maurice
D:9:      layout_basic, minmay_orc_entry_guard_dogs, nicolae_water_bricks
D:10:     layout_big_octagon, serial_gnoll_camp, gnoll_camp_mini_house,
          gnoll_camp_mini_hut, gnoll_camp_mini_hut, gnoll_camp_mini_hut
D:11:     layout_loops_ring, dpeg_lair_monsters, gammafunk_ghost_spectres,
          led_sif_book
D:12:     layout_grid_maze, uniq_nergalle
D:13:     layout_loops_ring, patterned_corridor, uniq_rupert, uniq_josephine
D:14:     layout_basic, david_vaults_3, enter_trove_6,
          chequers_serial_rivers_micro_e, minmay_ruined_shrine, uniq_louise
D:15:     grunt_enter_depths_snipers, layout_small_grid, serial_shops,
          bzr_entry_islet, roderic_roman_lattice, fedhas_altar_1
Lair:1:   beast_lair_carwin_large_3, layout_layer_cave, uniq_gastronok
Lair:2:   layout_hall_layers, serial_bayou, serial_bayou_pond_e,
          serial_bayou_pond_d, serial_bayou_shore_a, serial_bayou_pond_e,
          serial_bayou_ford_a, lemuel_fruit_fields, serial_bayou_shore_b
Lair:3:   layout_roguey, ice2_lemuel, lemuel_fruit_tree,
          infiniplex_staircase_pool_2, grunt_megastairs_5, uniq_sonja
Lair:4:   layout_concentric_octagons, swamp_mist,
          nicolae_spider_entry_non_spiders, infiniplex_staircase_pool
Lair:5:   layout_roguey, special_room [special_room_bee]
Lair:6:   guppyfry_lair_end_dragon, layout_long_grid, hangedman_lair_in_review,
          slime_altar_1, chequers_serial_rivers_micro_a, uniq_snorg
Swamp:1:  layout_falls_marsh, hangedman_swamp_ruin_wall, uniq_nikola
Spider:1: layout_chambers, einodemon_crawler_minivault
Slime:1:  layout_caves
Orc:1:    layout_caves, uniq_jorgrun
Orc:2:    pubby_orc_utopia
Depths:1: layout_roguey, grunt_hell_entry_demonic_statue, drop_trap,
          hangedman_abyss_or_decor_stagger, hangedman_stitches_earthworm,
          uniq_asterion

Skill      XL: |  1  2  3  4  5  6  7  8  9 10 11 12 13 14 15 16 |
---------------+-------------------------------------------------+-----
Spellcasting   | 5 6 7 8 9 10 11 | 11.8
Invocations    | 1 2 3 4 5 6 7 8 9 10 11 | 11.7
Long Blades    | 1 2 3 4 5 6 7 8 9 10 | 10.8
Axes           | 1 2 3 4 5 6 7 8 9 10 | 10.8
Maces & Flails | 1 2 3 4 5 6 7 8 9 10 | 10.8
Polearms       | 1 2 3 4 5 6 7 8 9 10 | 10.8
Staves         | 1 2 3 4 5 6 7 8 9 10 | 10.8
Slings         | 1 2 3 4 5 6 7 8 9 10 | 10.8
Bows           | 1 2 3 4 5 6 7 8 9 10 | 10.8
Crossbows      | 1 2 3 4 5 6 7 8 9 10 | 10.8
Throwing       | 1 2 3 4 5 6 7 8 9 10 | 10.8
Stealth        | 1 2 3 4 5 6 7 8 9 10 | 10.8
Shields        | 1 2 3 4 5 6 7 8 9 10 | 10.8
Unarmed Combat | 1 2 3 4 5 6 7 8 9 10 | 10.8
Evocations     | 1 2 3 4 5 6 7 8 9 10 | 10.8
Conjurations   | 1 2 3 4 5 6 7 8 9 |  9.2
Hexes          | 1 2 3 4 5 6 7 8 9 |  9.2
Summonings     | 1 2 3 4 5 6 7 8 9 |  9.2
Necromancy     | 1 2 3 4 5 6 7 8 9 |  9.2
Translocations | 1 2 3 4 5 6 7 8 9 |  9.2
Transmutations | 1 2 3 4 5 6 7 8 9 |  9.2
Fire Magic     | 1 2 3 4 5 6 7 8 9 |  9.2
Ice Magic      | 1 2 3 4 5 6 7 8 9 |  9.2
Air Magic      | 1 2 3 4 5 6 7 8 9 |  9.2
Earth Magic    | 1 2 3 4 5 6 7 8 9 |  9.2
Poison Magic   | 1 2 3 4 5 6 7 8 9 |  9.2
Armour         | 3 4 5 6 7 8 9 10 11 | 11.1
Fighting       | 5 6 7 8 9 10 11 | 11.7
Short Blades   | 5 6 7 8 9 10 11 | 11.7
Dodging        | 5 6 7 8 9 10 11 | 11.7
Charms         | 6 7 8 9 10 | 10.6

Action                   |  1- 3 |  4- 6 |  7- 9 | 10-12 | 13-15 | 16-18 || total
-------------------------+-------+-------+-------+-------+-------+-------++-------
Melee: Short sword       |   122 |    28 |       |       |   726 |   344 ||  1220
       Bite              |    11 |     7 |    22 |   147 |   249 |    67 ||   503
       Quarterstaff      |       |    38 |     5 |       |       |       ||    43
       Spear             |       |    23 |   218 |   671 |   317 |       ||  1229
       Punch             |       |       |     4 |       |       |       ||     4
       Whip              |       |       |       |   103 |       |       ||   103
       Flail             |       |       |       |    12 |    61 |       ||    73
 Fire: Hand crossbow     |       |       |       |       |     7 |       ||     7
Throw: Boomerang         |       |     1 |     6 |     4 |    48 |    13 ||    72
       Dart              |       |       |       |       |     6 |       ||     6
 Cast: Infusion          |     2 |     4 |     5 |     2 |     8 |     1 ||    22
       Shroud of Golubri |     6 |     9 |    20 |    39 |    63 |    13 ||   150
       Spectral Weapon   |       |     8 |    18 |    62 |    94 |    21 ||   203
       Regeneration      |       |     3 |     9 |    13 |    15 |     6 ||    46
       Song of Slaying   |       |     1 |       |     8 |    20 |     4 ||    33
       Mephitic Cloud    |       |       |       |     4 |    11 |    10 ||    25
       Poisonous Vapours |       |       |       |     1 |     3 |     1 ||     5
       Sting             |       |       |       |     1 |    42 |     6 ||    49
       Olgreb's Toxic Ra |       |       |       |       |     4 |     2 ||     6
       Tukima's Dance    |       |       |       |       |     5 |       ||     5
Invok: Recall Ancestor   |       |     1 |     2 |     3 |     1 |     3 ||    10
       Ancestor Life: He |       |     1 |       |       |       |       ||     1
       Idealise          |       |       |       |       |     1 |     3 ||     4
       Transference      |       |       |       |       |       |     1 ||     1
 Abil: Evoke Flight      |       |       |       |       |     3 |     1 ||     4
       Stop Flying       |       |       |       |       |     1 |       ||     1
Evoke: Wand              |       |       |       |     4 |       |       ||     4
       Lightning rod     |       |       |       |     2 |       |       ||     2
  Use: Scroll            |       |       |     1 |    19 |     6 |     3 ||    29
       Potion            |       |       |       |     3 |     4 |       ||     7
 Stab: Sleeping          |       |     1 |     8 |    11 |    30 |    11 ||    61
       Distracted        |       |       |     5 |    27 |    22 |     7 ||    61
       Confused          |       |       |     4 |    15 |    17 |     6 ||    42
       Paralysed         |       |       |       |       |     7 |     7 ||    14
       Petrified         |       |       |       |       |     1 |       ||     1
  Eat: Chunk             |     1 |     5 |    11 |    26 |    34 |     9 ||    86
       Ration            |       |       |       |       |     1 |       ||     1
Armor: Leather armour    |    37 |    31 |    40 |     1 |       |       ||   109
       Ring mail         |       |       |       |   120 |   201 |    68 ||   389
Dodge: Dodged            |    88 |    60 |   103 |   409 |   565 |   143 ||  1368
Block: Buckler           |       |       |     5 |   211 |   280 |    96 ||   592
